Map: LotV Custom - Samarra Mines

Players

WeebS - Winner!

  • Race: Terran Terran
  • League: Diamond
  • Spawn Location: 6:00

Компьютер 2

  • Race: Terran Terran
  • Spawn Location: 12:00

VOD

Have the link to the VOD?

Description

Time

  • Played on: Dec. 2, 2014, 6:58 a.m.
  • Length: 13:03
Show
View Real Time Build Order
Export as new Build Order

WeebS Terran - Winner!

Build Orders: MMM Bio 

Get SALT Encoding   

  12  0:01  SCV  
  13  0:13  SCV  
  14  0:19  Supply Depot  
  14  0:25  SCV  
  15  0:40  SCV  
  16  0:42  Barracks  
  16  0:52  SCV  
  17  1:06  SCV  
  18  1:19  SCV  
  19  1:30  Marine  
  19  1:31  Orbital Command  
  20  1:36  Command Center  
  20  1:41  Supply Depot  
  20  1:51  Marine  
  21  1:57  SCV  
  21  1:59  Bunker  
  22  2:04  Refinery  
  22  2:05  Refinery  
  22  2:10  SCV, Marine  
  24  2:22  SCV  
  25  2:30  Marine  
  25  2:35  Engineering Bay  
  26  2:40  SCV  
  27  2:50  Orbital Command  
  27  2:53  Factory  
  27  2:54  SCV  
  28  2:58  Barracks Reactor  
  28  3:11  SCV  
  29  3:18  SCV  
  30  3:21  Terran Infantry Weapons Level 1  
  30  3:29  SCV  
  31  3:35  SCV  
  32  3:43  Command Center, Barracks Tech Lab  
  32  3:46  Hellion x2  
  36  3:53  SCV  
  36  3:54  SCV  
  38  4:05  Barracks x2  
  38  4:06  Stimpack, Marine  
  38  4:08  Hellion  
  38  4:09  Hellion  
  43  4:10  SCV  
  43  4:12  SCV  
  45  4:23  SCV  
  46  4:34  Supply Depot  
  46  4:35  Supply Depot  
  46  4:40  Starport  
  46  4:54  Barracks Reactor x2, Marine  
  46  4:55  SCV x2, Hellion x2  
  46  4:59  Orbital Command  
  53  5:02  Refinery x2  
  54  5:07  SCV  
  54  5:13  SCV  
  55  5:16  Terran Infantry Armor Level 1  
  55  5:19  Widow Mine x2  
  55  5:20  Marine  
  60  5:23  Starport Reactor  
  60  5:25  SCV x2  
  62  5:29  SCV  
  62  5:31  Marine  
  62  5:32  Marine x3  
  67  5:38  SCV x2, Marine  
  70  5:46  SCV  
  70  5:49  Marine x2, Widow Mine x2  
  72  5:53  Command Center  
  72  5:56  Supply Depot  
  77  5:59  Supply Depot  
  77  6:17  Medivac x2, Marine x2  
  77  6:18  Marauder  
  85  6:20  Marine  
  85  6:21  SCV x3  
  85  6:23  Armory  
  85  6:25  Widow Mine x2  
  89  6:26  Engineering Bay  
  93  6:38  Supply Depot  
  93  6:39  Supply Depot  
  93  7:00  Marauder, SCV x2, Widow Mine x2, Medivac, Marine x4  
  93  7:01  SCV  
  108  7:03  Supply Depot  
  108  7:04  Supply Depot, Medivac  
  108  7:06  Orbital Command  
  110  7:10  Combat Shields  
  110  7:12  SCV  
  110  7:14  SCV  
  110  7:15  SCV  
  113  7:17  Marine  
  113  7:22  Marauder  
  116  7:24  SCV, Marine x2  
  119  7:31  Widow Mine x2  
  119  7:33  Medivac  
  119  7:34  Medivac  
  127  7:40  SCV x2  
  127  7:41  SCV x2  
  127  7:43  Marauder, Marine x4  
  137  7:53  Supply Depot  
  137  7:54  Supply Depot  
  137  7:58  Refinery x2  
  137  8:04  Marauder  
  139  8:07  Marine  
  139  8:09  Terran Infantry Weapons Level 2, Terran Infantry Armor Level 2  
  139  8:11  Terran Vehicle and Ship Weapons Level 1  
  140  8:15  SCV x4, Widow Mine x2, Medivac x2, Marine x3  
  155  8:27  SCV  
  155  8:28  Concussive Shells  
  156  8:38  Command Center  
  156  8:41  Supply Depot  
  156  8:42  Supply Depot  
  156  9:02  SCV x2, Marauder, Medivac x2  
  164  9:03  SCV, Marine x3, Widow Mine x2  
  164  9:08  Refinery  
  164  9:09  Refinery  
  172  9:16  Barracks  
  172  9:18  Command Center, Barracks  
  172  9:19  Refinery  
  172  9:20  Refinery, Barracks  
  172  9:33  Barracks  
  172  9:35  Barracks  
  172  9:36  Barracks  
  172  9:41  SCV  
  172  9:44  Marine  
  172  9:49  SCV, Widow Mine x2, Marine  
  172  9:50  Marauder, SCV x2, Medivac x2, Marine x2  
  172  9:52  Planetary Fortress  
  184  9:54  SCV  
  177  10:01  SCV  
  177  10:02  SCV  
  158  10:12  Marauder  
  158  10:14  Barracks Reactor x2  
  142  10:15  Barracks Reactor  
  142  10:16  Marine x4  
  142  10:20  Medivac  
  147  10:27  Barracks Tech Lab x2  
  147  10:28  Barracks Tech Lab  
  147  10:33  Marauder  
  147  10:34  Marine x3  
  152  10:41  Command Center  
  152  10:47  Command Center  
  152  10:49  Marine x3, Marauder x2  
  149  10:50  Marine x2, Marauder  
  149  10:51  Marine, Widow Mine x2  
  149  10:52  Medivac, Marine  
  149  10:53  Marine  
  149  10:54  Marauder  
  163  11:04  Marine x2  
  163  11:06  SCV  
  163  11:07  Marine x3  
  163  11:08  SCV  
  163  11:09  SCV  
  163  11:11  Marauder x2  
  171  11:15  Refinery  
  171  11:24  Marine  
  172  11:32  Marine  
  172  11:43  Supply Depot  
  172  11:44  Supply Depot x2  
  172  11:52  Marine x9, Widow Mine  
  172  11:53  Marauder x2  
  187  11:56  Orbital Command  
  187  11:59  Marauder, Marine x2  
  191  12:10  Marine  
  191  12:13  Orbital Command  
  192  12:16  Marauder, Marine x6  
  192  12:18  Orbital Command  
Show
View Real Time Build Order
Export as new Build Order

Компьютер 2 Terran 

Build Orders: MMM Bio 

Get SALT Encoding   

  12  0:11  Supply Depot  
  12  0:28  SCV  
  13  0:34  Barracks  
  13  0:40  SCV  
  14  0:52  SCV  
  15  1:04  SCV  
  16  1:15  Command Center  
  16  1:22  SCV, Marine  
  18  1:34  Orbital Command  
  18  1:43  Supply Depot, Marine  
  19  1:50  Refinery  
  19  2:00  SCV  
  20  2:06  Barracks  
  20  2:12  Refinery  
  20  2:13  SCV  
  21  2:17  Marine  
  22  2:39  Barracks Tech Lab  
  22  2:40  SCV  
  23  2:52  SCV  
  23  2:53  Marine  
  23  2:54  Factory  
  23  2:57  Refinery  
  25  3:04  Marine  
  26  3:12  Refinery  
  26  3:13  SCV  
  26  3:16  Marine  
  26  3:18  SCV  
  29  3:25  SCV  
  30  3:28  Marauder  
  30  3:30  SCV  
  33  3:34  Barracks Tech Lab  
  33  3:37  SCV  
  33  3:39  Hellion  
  36  3:42  SCV  
  36  3:44  Factory  
  37  3:49  SCV  
  38  3:57  Starport  
  38  4:00  Factory Tech Lab  
  38  4:08  Starport  
  40  4:17  Marauder  
  40  4:22  Supply Depot  
  40  4:28  Factory Tech Lab, Marauder  
  42  4:35  Starport Tech Lab  
  42  4:40  Ghost Academy  
  42  4:46  Starport Tech Lab  
  42  4:53  SCV  
  42  4:54  Medivac  
  42  4:56  SCV  
  46  5:02  Supply Depot  
  46  5:05  SCV  
  47  5:08  SCV  
  47  5:11  Ghost  
  50  5:17  Stimpack  
  50  5:18  SCV  
  50  5:21  SCV  
  52  5:27  Combat Shields  
  52  5:30  SCV  
  52  5:33  SCV  
  54  5:40  Engineering Bay  
  54  5:42  SCV  
  55  5:45  SCV  
  56  5:53  Supply Depot  
  56  5:54  SCV  
  57  5:57  SCV  
  57  6:02  Marine  
  59  6:06  SCV  
  59  6:07  Terran Infantry Weapons Level 1  
  60  6:13  Marine  
  60  6:15  SCV  
  60  6:17  Supply Depot  
  60  6:18  SCV  
  62  6:25  Marine  
  63  6:27  SCV  
  63  6:30  SCV  
  65  6:36  Marine  
  66  6:40  Supply Depot  
  66  6:42  SCV x2  
  66  6:45  Concussive Shells  
  68  6:47  Marine  
  69  6:54  SCV  
  69  6:59  Marine  
  71  7:02  SCV, Raven, Medivac  
  71  7:03  Supply Depot  
  71  7:06  SCV  
  77  7:09  Missile Turret  
  77  7:11  Marauder  
  77  7:13  Missile Turret  
  79  7:16  Missile Turret  
  79  7:19  Missile Turret  
  79  7:22  Marauder  
  81  7:24  Sensor Tower  
  81  7:29  Supply Depot  
  81  7:32  Raven  
  81  7:33  Armory  
  81  7:34  Bunker, Marauder  
  85  7:41  Barracks  
  85  7:43  Bunker  
  85  7:44  Ghost  
  87  8:01  Terran Infantry Armor Level 1  
  87  8:28  Barracks Reactor  
  87  8:52  Command Center  
  87  9:09  Reaper, Raven, Medivac  
  92  9:11  Supply Depot  
  92  9:12  Marine  
  92  9:14  Marine, Fusion Core  
  94  9:17  Engineering Bay, Marine  
  94  9:20  Armory  
  95  9:30  Reaper  
  96  9:32  Marine  
  97  9:43  Terran Infantry Weapons Level 2  
  97  9:56  Terran Infantry Armor Level 2  
  97  9:57  Marine  
  97  10:01  Marine  
  97  10:04  Marine  
  97  10:06  SCV  
  97  10:07  SCV, Marine  
  96  10:09  SCV  
  80  10:15  Marine  
  80  10:16  Command Center, Refinery  
  80  10:18  SCV  
  80  10:19  SCV, Missile Turret, Marine  
  80  10:20  Raven x2  
  80  10:21  SCV, Missile Turret  
  79  10:22  Marauder  
  79  10:23  Refinery  
  79  10:24  Marine  
  78  10:30  SCV  
  78  10:33  Marine  
  80  10:36  Marine  
  80  10:38  SCV  
  80  10:41  Bunker  
  80  10:42  Marine  
  83  10:43  Marine  
  83  10:45  SCV  
  81  10:50  Ghost  
  81  10:54  SCV, Marine  
  69  11:00  SCV, Marine  
  69  11:01  Marine  
  69  11:02  SCV  
  69  11:03  Medivac x2  
  58  11:12  Marine  
  58  11:18  Marine  
  51  11:19  Reaper, Marine  
  45  11:30  Marine  
  43  11:32  Raven  
  43  11:36  Marine  
  43  11:37  Marine  
  45  11:40  Refinery  
  45  11:41  SCV  
  45  11:42  SCV  
  45  11:44  SCV  
  36  11:48  Marine  
  36  11:53  SCV, Marine  
  35  11:54  SCV  
  35  11:55  Hellion, Marine  
  35  11:56  SCV  
  32  12:05  SCV  
  32  12:06  Reaper  
  32  12:07  SCV  
  34  12:09  SCV  
  34  12:11  Marine  
  34  12:16  Viking  
  34  12:29  Marine  
  23  12:42  Marine  
  19  12:57  Command Center  
Tags
 
Add a new tag
Caveats
  • Supply blocks, unpowered buildings, or Contaminate may cause inaccurate times.
  • Supply counts are checked every 10 seconds.